 Dungeon Crawl Stone Soup version 0.26-a0-540-g8a0c9464d7 (webtiles) character file.

Game seed: 1675219403119345206

11954 Superazbuka the Blocker (level 11, -5/106 HPs)
             Began as a Deep Dwarf Fighter on Aug 17, 2020.
             Was an Elder of Makhleb.
             Slain by a rust devil (7 damage)
             ... in a Gauntlet.
             The game lasted 00:23:48 (9771 turns).

Superazbuka the Blocker (Deep Dwarf Fighter)        Turns: 9771, Time: 00:23:49

Health: -5/106     AC: -52   Str: 23    XL:     11   Next: 56%
Magic:  5/5        EV:  7    Int:  9    God:    Makhleb [****..]
Gold:   766        SH: 13    Dex: 22    Spells: 10/10 levels left

rFire    + . .     SeeInvis .   C - +6 mace of Dim Light {vamp, rC++ MR- Dex+5}
rCold    + + .     Faith    .   c - +0 kite shield
rNeg     . . .     Spirit   .   B - +4 chain mail of the Slug {*Contam Regen+ Dex+5}
rPois    .         Reflect  .   (no helmet)
rElec    .         Harm     .   F - scarf {shadows}
rCorr    .         NoTele   +   (no gloves)
MR       .....                  (no boots)
Stlth    ..........             (no amulet)
HPRegen  0.00/turn              j - ring of protection from fire
MPRegen  0.09/turn              (no ring)

@: corroded, non-regenerating
A: damage resistance, heal wounds, sense surroundings 2, no regeneration
a: Heal Wounds, Minor Destruction, Lesser Servant of Makhleb, Major Destruction,
Renounce Religion


You were in a Gauntlet.
You worshipped Makhleb.
Makhleb was greatly pleased with you.
You visited 1 branch of the dungeon, and saw 11 of its levels.
You also visited: Gauntlet.

You collected 838 gold pieces.
You spent 72 gold pieces at shops.

Inventory:

Hand Weapons
 a - a +0 war axe
 d - a cursed +0 broad axe
 l - a +2 broad axe of electrocution
 A - a +1 war axe of draining
 C - the +6 mace of Dim Light (weapon) {vamp, rC++ MR- Dex+5}
   (You took it off an orc priest on level 7 of the Dungeon)

   It inflicts no extra harm, but heals its wielder when it wounds a living foe.
   It affects your dexterity (+5).
   It greatly protects you from cold.
   It affects your resistance to hostile enchantments.
Armour
 c - a +0 kite shield (worn)
 B - the +4 chain mail of the Slug (worn) {*Contam Regen+ Dex+5}
   (You found it on level 7 of the Dungeon)

   It affects your dexterity (+5).
   It causes magical contamination when unequipped.
   It increases your rate of regeneration.
 F - a scarf of shadows (worn)
Jewellery
 h - an uncursed ring of magical power
 j - a ring of protection from fire (left hand)
 m - an uncursed amulet of faith
 K - an uncursed amulet of magic regeneration
Wands
 b - a wand of iceblast (3)
 p - a wand of flame (45)
 t - a wand of random effects (11)
 D - a wand of polymorph (15)
Scrolls
 e - 8 scrolls of remove curse
 k - 7 scrolls of fog
 n - 4 scrolls of teleportation
 q - a scroll of random uselessness {unknown}
 r - 2 scrolls of enchant weapon
 v - a scroll of blinking {unknown}
 x - 2 scrolls of enchant armour {unknown}
 y - 2 scrolls of fear
 G - 2 scrolls of immolation {unknown}
 I - a scroll of identify
 J - 2 scrolls of noise {unknown}
Potions
 f - 4 potions of heal wounds
 g - 3 potions of brilliance
 i - a potion of resistance {unknown}
 o - a potion of haste
 s - 6 potions of curing
 u - a potion of flight {unknown}
 w - 14 potions of degeneration
 z - 4 potions of mutation
 E - a potion of cancellation {unknown}
 H - a potion of magic {unknown}
 L - 4 potions of lignification


   Skills:
 + Level 9.0 Fighting
 - Level 6.9(8.6) Axes
 + Level 7.0(8.2) Maces & Flails
 + Level 10.6 Armour
 + Level 10.7 Shields


You had 10 spell levels left.
You didn't know any spells.
Your spell library contained the following spells:

 Spells                   Type           Power        Failure   Level
 Animate Skeleton         Necr           #.....       98%         1
 Beastly Appendage        Tmut           #.....       98%         1
 Corona                   Hex            #......      98%         1
 Freeze                   Ice            #...         98%         1
 Pain                     Necr           #...         98%         1
 Ensorcelled Hibernation  Hex/Ice        #.....       99%         2
 Wereblood                Tmut           #.......     99%         2
 Frozen Ramparts          Ice            #.....       100%        3
 Inner Flame              Hex/Fire       #.......     100%        3
 Ozocubu's Armour         Ice            #.......     100%        3
 Spider Form              Tmut/Pois      #.........   100%        3
 Summon Guardian Golem    Hex/Summ       #.......     100%        3
 Vampiric Draining        Necr           #.........   100%        3
 Animate Dead             Necr           #.........   100%        4
 Hailstorm                Conj/Ice       #.......     100%        4
 Ice Form                 Ice/Tmut       #.......     100%        4
 Summon Ice Beast         Ice/Summ       #.......     100%        4
 Agony                    Necr           #.......     100%        5
 Blade Hands              Tmut           #.........   100%        5
 Yara's Violent Unravell  Hex/Tmut       #.........   100%        5
 Invisibility             Hex            #.......     100%        6


Dungeon Overview and Level Annotations

Branches:
Dungeon (11/15)            Temple (0/1) D:6            Lair (0/6) D:8
    Orc (0/2) D:9         Gauntlet (1/1)

Altars:
Dithmenos
Fedhas
Hepliaklqana
Kikubaaqudgha
Makhleb
Ru
Sif Muna
Vehumet
Xom
Yredelemnul
The Shining One

Shops:
D:5 ?   D:9 *

Annotations:
Gauntlet 16 transporters


Innate Abilities, Weirdness & Mutations

You are resistant to damage.
You can heal yourself by infusing magical energy.
You passively map the area around you.
You do not regenerate.


Message History

The rust devil corrodes you!
You hit the rust devil but do no damage.
The rust devil hits you. The rust devil corrodes you!
You hit the rust devil but do no damage.
The rust devil hits you!
* * * LOW HITPOINT WARNING * * *
The rust devil corrodes you!
You closely miss the rust devil. The rust devil hits you!
* * * LOW HITPOINT WARNING * * *
The rust devil corrodes you!
You hit the rust devil but do no damage.
The rust devil hits you.
* * * LOW HITPOINT WARNING * * *
The rust devil corrodes you!
You hit the rust devil but do no damage.
You block the rust devil's attack.
You closely miss the rust devil. The rust devil barely misses you.
You hit the rust devil but do no damage.
The rust devil hits you!
You die...

...#..≈..≈≈.Y#.#...$.....#.#.#.#.
.###.≈.≈≈....#.#.........#.#..##.
.#©#©..≈©.≈≈.#.#....©....#.#..#.©
.#.#)..≈≈.≈.≈#.#.........#.#..##.
.#.#≈.≈..≈..≈#.#.........#.#.#.#
.#.#.≈≈ ..≈≈.#.#.........#.#.##..
.#.#9.. ≈≈..9#.#....©$...#.#.....
.#.#### #########################
.#.#≈≈8 ≈#©.....@4..©.........©#≈
##.#### **#######################
..©...........©#≈≈≈≈8≈≈≈≈#©......
#################################
..#....#.#..#^ZZZZZ#.#t........#.
.#P#...#.#...#..^..#.#h###...#.#.
#.©P#..#.#.^.#^...##.#...###...#.
P.#.P#.#.#....#©##.#.#.#...###.#.
.#.#.P##.#..^###^..#.#.#.#©..#b#.


You could see a fire crab, a rust devil, a hell hound, a gargoyle, a six-headed
hydra simulacrum, 2 harpy simulacra, a wolf spider simulacrum and a centaur
warrior simulacrum.

Vanquished Creatures
  Harold (D:10)
  3 two-headed ogres
  Urug (D:11)
  Pikel (D:8)
  2 guardian serpents (D:10)
  Maurice (D:10)
  Maggie (D:7)
  A troll (D:10)
  Grinder (D:5)
  Prince Ribbit (D:8)
  A meliai zombie (D:10)
  3 hippogriffs
  A ynoxinul (Gauntlet)
  Duvessa (D:4)
  A water moccasin (D:8)
  9 orc warriors
  A swamp drake (D:9)
  A black bear (D:9)
  2 ice beasts
  2 sky beasts
  4 ogres
  A phantom (D:4)
  6 centaurs
  5 bullfrogs
  A wyvern zombie (D:8)
  Dowan (D:4)
  3 killer bees (D:9)
  3 scorpions
  11 wights
  A howler monkey (D:7)
  3 jellies
  2 quasits
  19 orc priests
  2 hounds
  2 iron imps (Gauntlet)
  5 iguanas
  12 orc wizards
  9 worker ants
  A killer bee zombie (D:6)
  A hound zombie (D:10)
  2 hound skeletons
  A howler monkey zombie (D:7)
  A gnoll (D:8)
  11 adders
  2 shadow imps
  3 white imps (D:5)
  4 ufetubi
  2 oozes
  2 adder skeletons
  2 adder zombies
  A worm (D:3)
  A dart slug (D:1)
  6 leopard geckos
  58 orcs
  3 ball pythons
  6 giant cockroaches
  6 hobgoblins
  10 jackals
  5 kobolds
  3 quokkas
  9 bats
  9 frilled lizards
  5 goblins
  6 rats
285 creatures vanquished.

Vanquished Creatures (others)
  12 fungi
  25 plants
37 creatures vanquished.

Grand Total: 322 creatures vanquished

Notes
Turn   | Place    | Note
-------+----------+-------------------------------------------
     0 | D:1      | Superazbuka the Deep Dwarf Fighter began the quest for the
                  | Orb.
     0 | D:1      | Reached XP level 1. HP: 20/20 MP: 1/1
   111 | D:1      | Reached XP level 2. HP: 24/27 MP: 2/2
  1069 | D:2      | Reached XP level 3. HP: 26/34 MP: 3/3
  1740 | D:2      | Found an ancient bone altar of Kikubaaqudgha.
  1740 | D:2      | Found a faded altar of an unknown god.
  1747 | D:2      | Found a shimmering blue altar of Sif Muna.
  1749 | D:2      | Found a faded altar of an unknown god.
  1750 | D:2      | Found a shadowy altar of Dithmenos.
  1940 | D:3      | Reached XP level 4. HP: 25/42 MP: 4/4
  2697 | D:4      | Noticed a phantom
  2738 | D:4      | Killed a phantom
  2738 | D:4      | Reached XP level 5. HP: 50/50 MP: 5/5
  2808 | D:4      | Noticed Duvessa
  2808 | D:4      | Noticed Dowan
  2815 | D:4      | Killed Duvessa
  2815 | D:4      | Reached XP level 6. HP: 40/57 MP: 6/6
  2829 | D:4      | Killed Dowan
  2829 | D:4      | Reached skill level 5 in Shields
  2842 | D:4      | Reached skill level 5 in Armour
  3025 | D:4      | Reached XP level 7. HP: 51/64 MP: 6/6
  3029 | D:4      | Found a basalt altar of Yredelemnul.
  3033 | D:4      | Found a hazy altar of Hepliaklqana.
  3033 | D:4      | Found a glowing golden altar of the Shining One.
  3044 | D:4      | Found a blossoming altar of Fedhas.
  3048 | D:4      | Found a burning altar of Makhleb.
  3135 | D:4      | Became a worshipper of Makhleb the Destroyer
  3720 | D:5      | Entered Level 5 of the Dungeon
  3759 | D:5      | Reached skill level 5 in Axes
  3999 | D:5      | Found Gytheluw's Magic Scroll Shop.
  4008 | D:5      | Bought a scroll of identify for 24 gold pieces
  4157 | D:5      | Noticed Grinder
  4176 | D:5      | Killed Grinder
  4176 | D:5      | Reached skill level 5 in Fighting
  4176 | D:5      | Reached XP level 8. HP: 29/74 MP: 5/5
  4709 | D:6      | Found a shimmering altar of Xom.
  4821 | D:6      | Found a staircase to the Ecumenical Temple.
  4845 | D:6      | Found a sacrificial altar of Ru.
  5432 | D:7      | Noticed Maggie
  5454 | D:7      | Killed Maggie
  5461 | D:6      | Reached * piety under Makhleb
  5484 | D:7      | Got a fine chain mail
  5495 | D:7      | Identified the +4 chain mail of the Slug {*Contam Regen+
                  | Dex+5} (You found it on level 7 of the Dungeon)
  5660 | D:7      | Gained mutation: You passively map the area around you.
                  | [Deep Dwarf growth]
  5660 | D:7      | Reached XP level 9. HP: 45/82 MP: 5/5
  5710 | D:7      | Identified the +6 mace of Dim Light {vamp, rC++ MR- Dex+5}
  5917 | D:7      | Reached skill level 1 in Maces & Flails
  6283 | D:8      | Reached ** piety under Makhleb
  6324 | D:8      | Found a staircase to the Lair.
  6346 | D:8      | Noticed Pikel
  6370 | D:8      | Killed Pikel
  6423 | D:8      | Noticed Prince Ribbit
  6475 | D:8      | Killed Prince Ribbit
  6485 | D:8      | Reached XP level 10. HP: 94/94 MP: 6/6
  7124 | D:9      | Reached *** piety under Makhleb
  7228 | D:9      | Noticed a two-headed ogre
  7232 | D:9      | Found a shimmering altar of Xom.
  7258 | D:9      | Killed a two-headed ogre
  7413 | D:9      | Reached skill level 5 in Maces & Flails
  7717 | D:9      | Found a staircase to the Orcish Mines.
  7823 | D:9      | Found Qiejisye's General Store.
  7845 | D:9      | Bought 2 scrolls of identify for 48 gold pieces
  8275 | D:10     | Entered Level 10 of the Dungeon
  8313 | D:10     | Noticed a guardian serpent
  8345 | D:10     | Killed a guardian serpent
  8468 | D:10     | Reached **** piety under Makhleb
  8573 | D:10     | Reached XP level 11. HP: 95/104 MP: 6/6
  8724 | D:10     | Reached skill level 10 in Shields
  8790 | D:10     | Identified the Tome of Hexes
  8848 | D:10     | Noticed Maurice
  8853 | D:10     | Noticed a two-headed ogre
  8855 | D:10     | Reached skill level 10 in Armour
  8878 | D:10     | Killed a two-headed ogre
  8890 | D:10     | Killed Maurice
  8968 | D:10     | Noticed Harold
  8984 | D:10     | Killed Harold
  9267 | D:11     | Noticed a two-headed ogre
  9275 | D:11     | Killed a two-headed ogre
  9283 | D:11     | Found a radiant altar of Vehumet.
  9305 | D:11     | Noticed Urug
  9318 | D:11     | Killed Urug
  9342 | D:11     | Found a gate leading to a gauntlet.
  9350 | Gauntlet | Entered a Gauntlet
  9350 | Gauntlet | Found a transporter.
  9360 | Gauntlet | Found a transporter.
  9362 | Gauntlet | Found a transporter.
  9364 | Gauntlet | Found a transporter.
  9366 | Gauntlet | Noticed a fire crab
  9379 | Gauntlet | Found a transporter.
  9394 | Gauntlet | Found a transporter.
  9438 | Gauntlet | Noticed a catoblepas
  9439 | Gauntlet | Found a transporter.
  9454 | Gauntlet | Found a transporter.
  9459 | Gauntlet | Found a transporter.
  9475 | Gauntlet | Found a transporter.
  9493 | Gauntlet | Found a transporter.
  9516 | Gauntlet | Found a transporter.
  9539 | Gauntlet | Found a transporter.
  9559 | Gauntlet | Noticed an entropy weaver
  9562 | Gauntlet | Found a transporter.
  9585 | Gauntlet | Found a transporter.
  9614 | Gauntlet | Found a transporter.
  9636 | Gauntlet | Noticed a deep troll
  9657 | Gauntlet | Noticed a shock serpent
  9657 | Gauntlet | a deep troll changed into a shock serpent
  9671 | Gauntlet | Found a transporter.
  9730 | Gauntlet | Found a transporter.
  9767 | Gauntlet | HP: 4/106 [rust devil (8)]
  9771 | Gauntlet | Slain by a rust devil

Illustrated notes

Levels and vault maps discovered:
D:1:      lemuel_arrival_lava_pool, layout_basic, minmay_crystal_room,
          kennysheep_decorative_pillar, chequers_jeans, serial_bayou_lagoon_a,
          st_stairs_13
D:2:      layout_loops_corners, chequers_temple_overflow_minitemple,
          grunt_decor_resistance
D:3:      layout_basic
D:4:      layout_basic, minmay_overflow_temple_star_hex, uniq_duvessa
D:5:      layout_loops_cross, serial_shops, shop, uniq_grinder
D:6:      layout_cave_pods, nicolae_overflow_crystal_walls,
          minmay_temple_entry_glass, serial_column_ruins,
          column_ruins_square_medium, column_ruins_temple_circle,
          column_ruins_columns_corner, column_ruins_open_tiny,
          column_ruins_open_tiny, column_ruins_open_small,
          column_ruins_corridor_dead_end
D:7:      layout_loops_ring, minmay_door_square, uniq_maggie
D:8:      layout_rooms, dpeg_oklobed_lair, hangedman_minor_gate_pass,
          uniq_prince_ribbit1, uniq_pikel
D:9:      layout_basic, erik_orc_1, serial_shops, shop_coins, basic_altar
D:10:     nrook_guardian_serpent_snake_passage, layout_long_grid, uniq_harold,
          uniq_maurice
D:11:     layout_irregular_city, gauntlet_entry_generic, basic_altar,
          grunt_decor_cap, uniq_urug
Gauntlet: gammafunk_gauntlet_one_two_three [gammafunk_gauntlet_arena_open,
          nicolae_gauntlet_arena_flowing_pool, gammafunk_gauntlet_arena_corners,
          gammafunk_gauntlet_arena_hedges,
          gammafunk_gauntlet_arena_arrow_garden, nicolae_gauntlet_swirl,
          nicolae_gauntlet_arena_grate_2, gammafunk_gauntlet_arena_teeth,
          gammafunk_gauntlet_arena_grid, gauntlet_exit_watery]

Skill      XL: |  1  2  3  4  5  6  7  8  9 10 11 |
---------------+----------------------------------+-----
Fighting       | 3 4 5 6 7 8 9 |  9.0
Axes           | 3 4 5 6 |  6.9
Shields        | 4 5 6 7 8 9 10 | 10.7
Armour         | 4 5 6 7 8 9 10 | 10.6
Maces & Flails | 3 5 7 |  7.0

Action                   |  1- 3 |  4- 6 |  7- 9 | 10-12 || total
-------------------------+-------+-------+-------+-------++-------
Melee: War axe           |   101 |   163 |   233 |       ||   497
       Mace              |       |       |   161 |   601 ||   762
Invok: Minor Destruction |       |       |       |     1 ||     1
 Abil: Heal Wounds       |       |     4 |     8 |    12 ||    24
Evoke: Wand              |       |       |       |     1 ||     1
  Use: Scroll            |       |       |    11 |     4 ||    15
       Potion            |       |       |     1 |     4 ||     5
Armor: Scale mail        |    44 |    75 |    61 |       ||   180
       Chain mail        |       |       |   127 |   247 ||   374
Dodge: Dodged            |    28 |    52 |   110 |   151 ||   341
Block: Kite shield       |    67 |    96 |   278 |   429 ||   870

Table legend: (Time is in decaauts)
 A = Elapsed time spent in this place.
 B = Non-inter-level travel time spent in this place.
 C = Inter-level travel time spent in this place.
 D = Time resting spent in this place.
 E = Time spent auto-exploring this place.
 F = Levels seen in this place.
 G = Mean time per level.
                   A        B        C        D        E       F      G
               +--------+--------+--------+--------+--------+-----+--------+
         Total |  10105 |   9817 |    288 |    880 |   6143 |  12 |  842.1 |
       Dungeon |   9683 |   9395 |    288 |    880 |   5904 |  11 |  880.3 |
      Gauntlet |    422 |    422 |      0 |      0 |    239 |   1 |  422.0 |
               +--------+--------+--------+--------+--------+-----+--------+

Top non-repeatable levels by time:
     D:9: 1427 daAuts
     D:4: 1129 daAuts
    D:10: 1040 daAuts
     D:5: 977 daAuts
     D:1: 948 daAuts
     D:2: 943 daAuts
     D:3: 825 daAuts
     D:6: 791 daAuts
     D:8: 760 daAuts
     D:7: 737 daAuts
Gauntlet: 422 daAuts
    D:11: 100 daAuts
